 Dungeon Crawl Stone Soup version 0.25-a0-942-g87a53962fc (webtiles) character file.

Game seed: 669004090246609736, levelgen mode: deterministic

1675 Maedhros the Martial Artist (level 9, -14/53 HPs)
             Began as an Octopode Artificer on May 6, 2020.
             Was a Priest of Cheibriados.
             Killed from afar by Maggie (31 damage)
             ... with a bolt of fire
             ... on level 7 of the Dungeon.
             The game lasted 00:19:06 (3432 turns).

Maedhros the Martial Artist (Octopode Artificer)    Turns: 3432, Time: 00:19:07

Health: -14/53     AC:  1    Str: 19    XL:     9   Next: 1%
Magic:  11/11      EV: 13    Int: 20    God:    Cheibriados [***...]
Gold:   383        SH:  4    Dex: 22    Spells: 8/8 levels left

rFire    . . .     SeeInvis .     - Unarmed
rCold    + . .     Gourm    .   m - +0 buckler
rNeg     . . .     Faith    .   (helmet restricted)
rPois    .         Spirit   .   (no amulet)
rElec    .         Reflect  .   r - ring of flight
rCorr    .         Harm     .   (no ring)
MR       +....     Clarity  +   (no ring)
Stlth    ++++......             (no ring)
HPRegen  0.17/turn              (no ring)
MPRegen  0.12/turn              (no ring)
                                (no ring)
                                (no ring)

@: very slow
A: almost no armour, stealthy swim, amphibious, 8 rings, constrict 8, tentacle
spike 1, camouflage 1, clarity, cold resistance 1, magic resistance 1,
gelatinous body 1
a: Bend Time, Temporal Distortion, Renounce Religion, Evoke Flight


You were on level 7 of the Dungeon.
You worshipped Cheibriados.
Cheibriados was most pleased with you.
You were not hungry.

You visited 2 branches of the dungeon, and saw 8 of its levels.
You also visited: Sewer.

You collected 383 gold pieces.

Inventory:

Hand Weapons
 a - a +0 hunting sling
 o - a +0 hand crossbow
Missiles
 e - 48 poisoned darts (quivered)
 p - 48 bolts
 v - 56 stones
 w - 3 curare-tipped darts
Armour
 m - a +0 buckler (worn)
Jewellery
 r - a ring of flight (left tentacle)
 t - an uncursed ring of ice
Wands
 b - a wand of flame (3)
 c - a wand of enslavement (16)
Scrolls
 h - 3 scrolls of identify {unknown}
 k - 4 scrolls of teleportation
 q - 2 scrolls of magic mapping {unknown}
 s - 2 scrolls of enchant weapon {unknown}
 u - a scroll of remove curse {unknown}
 x - a scroll of fear {unknown}
 y - a scroll of enchant armour {unknown}
Potions
 i - 2 potions of stabbing
 j - a potion of brilliance
 l - 4 potions of flight
 n - a potion of curing
Comestibles
 f - 4 rations


   Skills:
 - Level 1.0 Fighting
   Level 1.0 Short Blades
 - Level 2.0 Dodging
 - Level 4.0 Stealth
 + Level 10.6 Unarmed Combat
 - Level 3.2 Evocations


You had 8 spell levels left.
You didn't know any spells.
Your spell library contained the following spells:

 Spells                   Type           Power        Failure   Level  Hunger
 Confusing Touch          Hex            #.......     67%         3    ####...
 Gell's Gravitas          Tloc           #.........   67%         3    ####...
 Petrify                  Tmut/Erth      #.......     97%         4    #####..
 Metabolic Englaciation   Hex/Ice        #.........   100%        5    ######.
 Yara's Violent Unravell  Hex/Tmut       #.........   100%        5    ######.


Dungeon Overview and Level Annotations

Branches:
Dungeon (7/15)             Temple (1/1) D:4           Sewer (visited)

Altars:
Ashenzari
Cheibriados
Dithmenos
Fedhas
Hepliaklqana
Kikubaaqudgha
Nemelex Xobeh
Ru
Sif Muna
Trog
Uskayaw
Vehumet
Yredelemnul
Zin
The Shining One

Annotations:
D:7 Maggie


Innate Abilities, Weirdness & Mutations

You cannot wear most types of armour.
You are very stealthy in the water. (Stealth+)
You are amphibious.
You can wear up to eight rings at the same time.
You can use your tentacles to constrict eight enemies at once.
Your skin changes colour to match your surroundings (Stealth+).
Your rubbery body absorbs attacks. (AC +1, EV +1)
One of your tentacles bears a spike.
You possess an exceptional clarity of mind.
Your flesh is cold resistant. (rC+)
You are resistant to hostile enchantments. (MR+)


Message History

Orders for allies: a - Attack new target. p - Attack previous target. r - Retreat! s - Stop attacking. g - Guard the area. f - Follow me.
Anything else - Cancel.
Guard this area!
Maggie gestures at the leopard gecko skeleton while chanting.
The bolt of fire hits the leopard gecko skeleton!!
The leopard gecko skeleton is destroyed!
Cheibriados appreciates the change of pace.
Cheibriados raises the support of your attributes as your movement slows.
Really attack your ally Maggie?
You strike your helpless Maggie from behind!
You tentacle-slap Maggie but do no damage.
Maggie is no longer charmed.
You grab Maggie.
You pierce Maggie, but do no damage.
You squeeze Maggie, but do no damage. You constrict Maggie.
Maggie casts a spell at you. The bolt of fire hits you!!
Ouch! That really hurt!
You die...

... #.# .# #)# . .#
#.#####.########.####
###.#........##....[..#
...........#.##.......#
......###<.#.##.......#
.##.### #..#..........#
.##.# #..#)##.@@....#
###.# #..#.##.....[.#
###.# #.............#
#...# ##.#.#####.#.##
#.### #...## ...# #.###
###..# ##.# ....# ##.#
.# ....# #)# . ....#
#.#


You could see Maggie.

Vanquished Creatures
  Eustachio (D:6)
  A hungry ghost (D:7)
  4 ogres
  A phantom (D:4)
  4 centaurs
  A big kobold (D:7)
  A scorpion (D:5)
  A crimson imp (D:6)
  Crazy Yiuf (D:6)
  3 hounds
  An orc priest (D:7)
  A centaur skeleton (D:4)
  3 orc wizards
  2 hound zombies (D:6)
  Robin (D:2)
  5 adders
  A shadow imp (D:7)
  6 oozes
  7 worms
  A dart slug (D:2)
  3 leopard geckos
  9 orcs
  6 giant cockroaches
  15 goblins
  7 hobgoblins
  10 jackals
  6 kobolds
  3 quokkas
  7 ball pythons
  13 bats
  6 frilled lizards
  7 rats
138 creatures vanquished.

Vanquished Creatures (collateral kills)
  3 orcs (D:4)
  A giant cockroach (Sewer)
  A leopard gecko skeleton (D:7)
5 creatures vanquished.

Grand Total: 143 creatures vanquished

Notes
Turn   | Place    | Note
-------+----------+-------------------------------------------
     0 | D:1      | Maedhros the Octopode Artificer began the quest for the
                  | Orb.
     0 | D:1      | Reached XP level 1. HP: 13/13 MP: 3/3
    50 | D:1      | Reached XP level 2. HP: 13/18 MP: 4/4
   224 | D:2      | Reached XP level 3. HP: 22/23 MP: 5/5
   328 | D:3      | Found an ancient bone altar of Kikubaaqudgha.
   411 | D:3      | Reached skill level 1 in Unarmed Combat
   423 | D:3      | Found a glowing golden altar of the Shining One.
   574 | D:3      | Noticed a centaur
   585 | D:3      | Killed a centaur
   585 | D:3      | Reached skill level 3 in Unarmed Combat
   585 | D:3      | Reached XP level 4. HP: 7/28 MP: 6/6
   608 | D:3      | Found a glowing drain.
   618 | Sewer    | Entered a sewer
   647 | Sewer    | Reached XP level 5. HP: 11/33 MP: 7/7
   910 | Sewer    | Reached skill level 4 in Unarmed Combat
  1219 | D:4      | Noticed an ogre
  1226 | D:4      | Killed an ogre
  1226 | D:4      | Reached skill level 5 in Unarmed Combat
  1226 | D:4      | Reached XP level 6. HP: 11/38 MP: 8/8
  1433 | D:4      | Found a staircase to the Ecumenical Temple.
  1489 | D:5      | Entered Level 5 of the Dungeon
  1525 | Temple   | Entered the Ecumenical Temple
  1552 | Temple   | Became a worshipper of Cheibriados the Contemplative
  1675 | D:2      | Noticed Robin
  1880 | D:2      | Killed Robin
  1920 | D:2      | Reached * piety under Cheibriados
  2406 | D:5      | Found a glowing silver altar of Zin.
  2408 | D:5      | Reached skill level 6 in Unarmed Combat
  2423 | D:5      | Reached XP level 7. HP: 31/43 MP: 9/9
  2529 | D:5      | Reached skill level 7 in Unarmed Combat
  2654 | D:4      | Reached ** piety under Cheibriados
  2666 | D:4      | Reached skill level 8 in Unarmed Combat
  2691 | D:4      | Reached XP level 8. HP: 22/48 MP: 10/10
  2979 | D:6      | Noticed Eustachio
  2989 | D:6      | Killed Eustachio
  2989 | D:6      | Reached skill level 9 in Unarmed Combat
  3199 | D:6      | Found a runed translucent door.
  3200 | D:6      | Noticed Crazy Yiuf
  3207 | D:6      | Killed Crazy Yiuf
  3366 | D:7      | Gained mutation: You possess an exceptional clarity of
                  | mind. [potion of mutation]
  3366 | D:7      | Gained mutation: You are resistant to hostile enchantments.
                  | (MR+) [potion of mutation]
  3366 | D:7      | Gained mutation: One of your tentacles bears a spike.
                  | [potion of mutation]
  3366 | D:7      | Gained mutation: Your flesh is cold resistant. (rC+)
                  | [potion of mutation]
  3368 | D:7      | Reached *** piety under Cheibriados
  3368 | D:7      | Reached skill level 10 in Unarmed Combat
  3386 | D:7      | Reached XP level 9. HP: 11/53 MP: 11/11
  3426 | D:7      | Noticed Maggie
  3432 | D:7      | Killed from afar by Maggie

Levels and vault maps discovered:
D:1:      dpeg_arrival_simpleton_b, layout_loops_ring, minmay_statues_item
D:2:      layout_loops_ring, first_ration, uniq_robin
D:3:      layout_basic, kiku_gazebo_garden_becter, tso_metal_star,
          cheibrodos_sewer_entry_bend
D:4:      layout_cave_pods, nicolae_qazlal_style_of_elements,
          minmay_temple_entry_from_below_a, nrook_mini_backslash, st_stairs_8,
          minmay_between
D:5:      layout_loops_ring, lemuel_crystal_altar, minmay_misc_feat_five,
          uniq_prince_ribbit1
D:6:      layout_loops_corners, makhleb_altar_promises_db, uniq_eustachio,
          uniq_crazy_yiuf_cottage
D:7:      layout_loops_ring, uniq_harold, uniq_maggie, uniq_pikel
Temple:   minmay_temple_bridge_abc

Skill      XL: |  1  2  3  4  5  6  7  8 |
---------------+-------------------------+-----
Stealth        | 3 4 |  4.0
Unarmed Combat | 3 5 6 8 10 | 10.6
Fighting       | |  1.0
Short Blades   | |  1.0
Dodging        | |  2.0
Evocations     | |  3.2

Action                   |  1- 3 |  4- 6 |  7- 9 || total
-------------------------+-------+-------+-------++-------
Melee: Short sword       |    44 |    76 |       ||   120
       Tentacles         |     9 |    16 |    26 ||    51
       Constrict         |    14 |    33 |    21 ||    68
       Punch             |       |     4 |     9 ||    13
       Unarmed           |       |    58 |   106 ||   164
       Kick              |       |       |     8 ||     8
Evoke: Wand              |       |    18 |     4 ||    22
  Use: Potion            |       |     3 |     7 ||    10
       Scroll            |       |     1 |       ||     1
 Stab: Sleeping          |     7 |    25 |     6 ||    38
       Betrayed ally     |       |     1 |     1 ||     2
       Distracted        |       |       |     1 ||     1
  Eat: Chunk             |       |     4 |     2 ||     6
       Ration            |       |       |     1 ||     1
Armor: Skin              |     3 |     8 |     3 ||    14
Dodge: Dodged            |    31 |    53 |    47 ||   131
Block: Buckler           |       |     9 |    12 ||    21

Table legend:
 A = Non-vault XP
 B = Vault XP
 C = Vault XP percentage of total XP
 D = Non-vault monster count
 E = Vault monster count
 F = Vault count percentage of total count
                 A         B        C        D         E       F
            +---------+---------+-------+---------+---------+-------
      Total |    1898 |     495 |  20.7 |     104 |      39 |  27.3
            +---------+---------+-------+---------+---------+-------
        D:1 |      36 |       0 |   0.0 |      17 |       0 |   0.0
        D:2 |      83 |      36 |  30.3 |      29 |      12 |  29.3
        D:3 |     124 |       5 |   3.9 |       9 |       1 |  10.0
        D:4 |     281 |     160 |  36.3 |      21 |       2 |   8.7
        D:5 |     476 |       0 |   0.0 |       7 |       0 |   0.0
        D:6 |     262 |     233 |  47.1 |       8 |       2 |  20.0
        D:7 |     636 |       0 |   0.0 |      13 |       0 |   0.0
      Sewer |       0 |      61 | 100.0 |       0 |      22 | 100.0
            +---------+---------+-------+---------+---------+-------
